Map: Romanticide LE

Players

Astrea

  • Race: Protoss Protoss
  • Spawn Location: 5:00

Dream - Winner!

  • Race: Terran Terran
  • Spawn Location: 11:00

Event: IEM Katowice 2021

VOD

Have the link to the VOD?

Description

Time

  • Played on: Feb. 24, 2021, 11:33 a.m.
  • Length: 12:21

All games in this series

Show
View Real Time Build Order
Export as new Build Order

Astrea Protoss 

Build Orders: 1 Gate Expand, Phoenix Opening, Colossus Rush 

Get SALT Encoding   

  12  0:00  Probe  
  13  0:12  Probe  
  14  0:17  Pylon  
  14  0:24  Probe (Chrono Boost)  
  15  0:36  Gateway  
  15  0:37  Probe (Chrono Boost)  
  16  0:44  Probe (Chrono Boost)  
  16  0:45  Assimilator  
  17  0:51  Probe  
  18  1:03  Probe  
  19  1:15  Probe  
  20  1:20  Nexus  
  20  1:29  Cybernetics Core  
  20  1:33  Probe  
  20  1:38  Assimilator  
  21  1:45  Probe  
  22  1:48  Pylon  
  22  1:56  Probe  
  23  2:03  Adept (Chrono Boost)  
  23  2:04  Probe  
  25  2:12  Probe  
  25  2:13  Stargate  
  27  2:23  Warp Gate  
  27  2:24  Probe (Chrono Boost)  
  27  2:27  Adept  
  30  2:32  Probe (Chrono Boost)  
  32  2:41  Probe (Chrono Boost)  
  32  2:42  Probe (Chrono Boost)  
  33  2:47  Probe (Chrono Boost)  
  33  2:48  Probe (Chrono Boost)  
  35  2:57  Phoenix  
  37  2:59  Probe  
  37  3:00  Probe  
  37  3:05  Pylon  
  39  3:11  Probe  
  39  3:12  Probe  
  41  3:18  Robotics Facility  
  41  3:23  Probe, Phoenix (Chrono Boost)  
  41  3:24  Probe  
  45  3:33  Pylon  
  45  3:34  Assimilator  
  45  3:35  Probe  
  45  3:36  Probe  
  47  3:43  Phoenix (Chrono Boost)  
  47  3:47  Probe  
  47  3:48  Probe  
  51  3:51  Assimilator  
  51  3:59  Probe  
  51  4:00  Probe  
  51  4:02  Phoenix (Chrono Boost)  
  55  4:11  Probe  
  55  4:12  Probe  
  57  4:18  Pylon, Phoenix  
  57  4:23  Probe  
  60  4:33  Probe  
  60  4:34  Observer  
  60  4:35  Nexus  
  62  4:43  Probe  
  62  4:45  Robotics Bay, Probe  
  66  4:48  Pylon  
  66  4:49  Forge, Twilight Council  
  64  4:55  Probe  
  64  4:58  Probe  
  66  5:07  Probe  
  66  5:11  Probe  
  68  5:19  Probe  
  67  5:23  Probe  
  67  5:26  Protoss Ground Weapons Level 1 (Chrono Boost), Charge  
  67  5:28  Observer  
  66  5:31  Probe  
  66  5:32  Colossus (Chrono Boost)  
  66  5:35  Probe  
  74  5:43  Probe  
  74  5:44  Nexus  
  74  5:47  Probe  
  74  5:50  Probe  
  74  5:55  Probe  
  74  5:59  Forge, Probe  
  74  6:02  Probe  
  76  6:07  Probe  
  76  6:11  Extended Thermal Lance, Sentry  
  77  6:12  Pylon  
  77  6:13  Probe  
  77  6:14  Probe  
  81  6:19  Colossus, Probe  
  81  6:25  Probe  
  89  6:26  Probe  
  89  6:31  Probe  
  82  6:37  Probe  
  83  6:40  Pylon, Probe  
  83  6:44  Probe (Chrono Boost)  
  84  6:49  Probe (Chrono Boost)  
  84  6:50  Protoss Ground Armor Level 1 (Chrono Boost)  
  84  6:51  Gateway x2  
  84  6:52  Probe (Chrono Boost)  
  84  6:53  Gateway  
  85  6:56  Probe (Chrono Boost)  
  88  7:01  Probe (Chrono Boost)  
  88  7:03  Probe x2 (Chrono Boost)  
  88  7:05  Pylon, Probe (Chrono Boost)  
  88  7:06  Probe (Chrono Boost)  
  91  7:09  Sentry, Probe (Chrono Boost)  
  91  7:11  Probe  
  91  7:12  Probe  
  91  7:14  Pylon  
  94  7:17  Observer (Chrono Boost)  
  94  7:20  Probe  
  94  7:21  Probe  
  97  7:23  Probe  
  97  7:24  Probe  
  97  7:27  Blink, Gateway  
  97  7:28  Pylon, Gateway  
  99  7:30  Gateway  
  99  7:32  Probe  
  99  7:35  Probe  
  101  7:41  Probe  
  101  7:42  Probe  
  101  7:43  Disruptor (Chrono Boost)  
  98  7:44  Probe  
  98  7:47  Probe  
  98  7:50  Shield Battery  
  98  7:51  Zealot x3, Sentry  
  104  7:55  Probe x2  
  104  7:56  Probe  
  113  7:59  Probe  
  113  8:05  Photon Cannon  
  113  8:06  Protoss Ground Weapons Level 2  
  113  8:07  Probe  
  113  8:09  Probe  
  113  8:10  Probe  
  113  8:11  Assimilator, Probe, Gateway  
  113  8:12  Assimilator  
  117  8:13  Gateway  
  117  8:14  Gravitic Drive  
  117  8:15  Dark Shrine  
  117  8:21  Probe  
  118  8:27  Observer  
  118  8:32  Zealot x4  
  118  8:33  Zealot  
  124  8:38  Probe x2  
  121  8:43  Observer (Chrono Boost)  
  121  8:46  Probe x2  
  118  8:50  Probe  
  118  8:51  Observer  
  118  8:53  Probe  
  118  8:54  Photon Cannon  
  120  8:57  Protoss Ground Armor Level 2  
  120  8:59  Probe x2  
  122  9:04  Robotics Facility, Disruptor (Chrono Boost)  
  122  9:06  Pylon x2  
  122  9:08  Probe  
  124  9:18  Probe  
  124  9:25  Pylon  
  124  9:27  Zealot x8  
  124  9:28  Shadow Stride  
  140  9:42  Photon Cannon  
  140  9:43  Observer (Chrono Boost)  
  141  9:45  Stalker  
  141  9:47  Pylon  
  141  9:52  Disruptor  
  146  9:53  Stalker  
  146  9:54  Nexus  
  146  9:58  Pylon x2  
  148  10:00  Pylon  
  148  10:06  Zealot x2  
  152  10:07  Zealot x2  
  144  10:14  Zealot x4  
  144  10:17  Probe x2  
  141  10:27  Zealot x5  
  123  10:32  Probe  
  123  10:33  Probe  
  105  10:35  Stalker x4  
  105  10:41  Probe  
  108  10:47  Probe  
  108  10:48  Stalker x5  
  105  10:56  Probe x3  
  94  10:59  Probe  
  89  11:08  Probe  
  88  11:11  Disruptor (Chrono Boost)  
  88  11:14  Probe x3  
  88  11:15  Pylon  
  88  11:16  Dark Templar x4  
  99  11:22  Probe  
  99  11:26  Probe x2  
  99  11:28  Assimilator  
  99  11:29  Assimilator  
  99  11:30  Probe  
  100  11:34  Probe  
  100  11:37  Zealot x4, Sentry  
  100  11:38  Probe  
  80  12:02  Dark Templar  
  80  12:03  Stalker x2  
  80  12:04  Zealot x6  
  88  12:08  Probe x2  
Show
View Real Time Build Order
Export as new Build Order

Dream Terran - Winner!

Build Orders:  

Get SALT Encoding   

  12  0:00  SCV  
  13  0:12  SCV  
  14  0:17  Supply Depot  
  14  0:24  SCV  
  15  0:38  SCV  
  15  0:39  Barracks  
  16  0:43  Refinery  
  16  0:50  SCV  
  17  1:03  SCV  
  18  1:15  SCV  
  19  1:26  Marine  
  19  1:27  Orbital Command  
  20  1:39  Command Center  
  20  1:49  Factory  
  20  1:55  SCV  
  21  2:03  Barracks Reactor  
  21  2:05  Supply Depot  
  21  2:07  SCV  
  22  2:14  Bunker  
  22  2:19  SCV  
  23  2:22  Refinery  
  23  2:32  SCV  
  24  2:40  Starport  
  28  2:44  Hellion x2  
  28  2:47  SCV  
  29  2:55  Orbital Command  
  29  2:59  SCV  
  30  3:06  Widow Mine x2  
  30  3:11  SCV  
  35  3:17  Medivac  
  37  3:21  SCV  
  37  3:23  SCV  
  39  3:27  Supply Depot  
  39  3:28  Widow Mine  
  39  3:34  SCV  
  42  3:35  SCV  
  42  3:37  Widow Mine, Refinery  
  45  3:46  SCV  
  46  3:48  SCV  
  46  3:51  Barracks Tech Lab  
  46  3:52  Starport Tech Lab  
  46  3:54  Supply Depot  
  47  3:58  SCV  
  47  3:59  Armory  
  47  4:00  SCV  
  47  4:01  Widow Mine x2  
  51  4:10  SCV  
  51  4:11  Medivac  
  51  4:15  SCV  
  55  4:22  SCV  
  60  4:24  Widow Mine x2  
  60  4:27  SCV  
  60  4:31  Supply Depot  
  61  4:34  SCV  
  60  4:40  SCV  
  60  4:42  Command Center  
  60  4:43  Stimpack  
  61  4:46  SCV  
  62  4:53  SCV, Widow Mine x2  
  62  4:58  Supply Depot  
  67  5:02  SCV  
  67  5:05  SCV  
  67  5:07  Barracks  
  67  5:10  Barracks  
  67  5:11  Supply Depot  
  67  5:14  SCV  
  68  5:17  SCV  
  68  5:20  Widow Mine x2  
  73  5:26  Medivac, SCV  
  74  5:29  SCV, Engineering Bay  
  71  5:36  Engineering Bay  
  71  5:38  SCV  
  71  5:41  SCV  
  71  5:42  Widow Mine  
  75  5:44  Widow Mine  
  77  5:50  SCV  
  77  5:53  SCV  
  77  5:56  Orbital Command  
  79  5:57  Barracks  
  79  5:58  Engineering Bay  
  79  6:00  Barracks Reactor  
  79  6:01  Starport Reactor, Barracks Tech Lab  
  79  6:02  SCV  
  79  6:03  Terran Infantry Weapons Level 1, Terran Infantry Armor Level 1  
  76  6:05  SCV  
  76  6:07  Refinery  
  76  6:10  Marine  
  76  6:12  Barracks  
  76  6:16  SCV  
  73  6:19  Marine  
  73  6:21  Widow Mine x2  
  73  6:23  Orbital Command  
  73  6:24  SCV  
  77  6:27  Marine  
  77  6:28  SCV  
  77  6:32  Missile Turret  
  77  6:36  SCV  
  77  6:37  Marine  
  79  6:40  SCV, Missile Turret  
  79  6:41  Marine x2, Ghost Academy  
  79  6:42  Widow Mine  
  79  6:43  Widow Mine  
  79  6:45  Marine  
  79  6:46  Barracks Reactor  
  83  6:47  Concussive Shells, Combat Shield  
  83  6:48  SCV  
  83  6:52  SCV  
  83  6:53  SCV  
  86  6:57  Medivac  
  86  7:00  SCV  
  89  7:02  Medivac, Marauder, Marine  
  89  7:04  SCV  
  89  7:05  SCV  
  89  7:06  Barracks Tech Lab  
  92  7:10  Widow Mine x2  
  92  7:12  Marauder, SCV  
  92  7:13  Marine  
  100  7:17  SCV, Refinery x2  
  100  7:18  Supply Depot  
  100  7:21  Supply Depot  
  100  7:22  Supply Depot  
  101  7:26  Supply Depot  
  101  7:32  Terran Ship Weapons Level 1  
  101  7:40  Marauder x2, Marine x4, Supply Depot x2  
  101  7:43  Marauder  
  109  7:45  Enhanced Shockwaves  
  109  7:46  Command Center  
  109  7:52  Medivac x2  
  109  7:55  SCV x2  
  109  7:56  SCV  
  109  7:58  Marine x2  
  118  8:00  Marine x2  
  118  8:02  Marauder x2  
  118  8:04  Marauder  
  126  8:09  Supply Depot  
  126  8:14  Barracks  
  126  8:15  Barracks  
  126  8:16  Barracks  
  126  8:20  Marine x2  
  126  8:21  Marine x2  
  126  8:23  Marauder x2  
  126  8:25  Marauder  
  136  8:36  Widow Mine x2  
  136  8:38  Marine  
  136  8:39  Medivac x2  
  141  8:44  Marauder, Marine x3  
  141  8:45  Marauder, Terran Infantry Armor Level 2  
  141  8:46  Marine  
  141  8:47  Terran Infantry Weapons Level 2  
  149  8:56  Marine  
  149  8:58  Widow Mine  
  149  8:59  Widow Mine  
  149  9:01  Marine  
  149  9:02  Marine x2  
  157  9:04  Supply Depot, Barracks Reactor, Barracks Tech Lab x2  
  157  9:07  Supply Depot  
  157  9:08  SCV x3  
  157  9:09  Ghost, Missile Turret  
  160  9:10  Ghost  
  160  9:16  Medivac x2  
  168  9:20  SCV, Marine x2  
  169  9:30  Ghost x2  
  169  9:31  Marauder, Marine x2  
  175  9:38  Marine x3  
  175  9:41  Marine x2, Ghost  
  175  9:42  Supply Depot  
  175  9:43  Supply Depot, Refinery  
  175  9:44  SCV x3, Refinery  
  185  9:48  Marine  
  185  9:49  Marine  
  188  9:52  Planetary Fortress  
  188  9:56  SCV, Supply Depot  
  188  10:03  Ghost  
  188  10:04  Marauder, Marine x4  
  188  10:05  Marauder  
  197  10:12  Marine, Ghost  
  197  10:13  Marauder, Marine  
  183  10:18  Widow Mine x2  
  178  10:21  Marine x3  
  178  10:22  Marine  
  178  10:26  Marauder, Ghost  
  180  10:30  Marine  
  180  10:31  Marine  
  180  10:33  Marauder  
  180  10:34  Marauder  
  169  10:39  Medivac x2, Widow Mine, Marine x2  
  169  10:40  Widow Mine  
  169  10:41  Marauder, Marine x2  
  177  10:47  Marauder  
  177  10:48  Marine  
  177  10:49  Marine  
  171  10:54  Marauder, Marine  
  171  10:55  Marauder  
  168  10:57  Marine x2  
  168  10:58  Marine  
  168  10:59  Marine  
  168  11:01  Widow Mine x2  
  168  11:02  Marauder  
  174  11:06  Marine  
  174  11:08  Marauder, Marine  
  174  11:10  Medivac x2  
  169  11:13  Marauder  
  169  11:15  Marine  
  172  11:22  Command Center  
  170  11:27  Marauder, Marine  
  170  11:28  Marauder, Marine  
  170  11:29  Marine  
  170  11:32  Marauder, Marine  
  180  11:36  Marauder  
  183  11:47  Marauder, Marine  
  183  11:49  Marauder  
  175  11:57  Marauder  
  175  11:59  Marine, Missile Turret  

Tags
 
Add a new tag
Caveats
  • Supply blocks, unpowered buildings, or Contaminate may cause inaccurate times.
  • Supply counts are checked every 10 seconds.